 Dungeon Crawl Stone Soup version 0.17.0 (webtiles) character file.

854739 Pelerin the Conqueror (level 27, -2/273 HPs)
             Began as a Minotaur Fighter on Dec 20, 2015.
             Was the Champion of Okawaru.
             Killed by divine providence
             ... invoked by a daeva
             ... led by a seraph
              (11 damage)
             ... on level 4 of the Realm of Zot on Dec 30, 2015.
             The game lasted 15:39:07 (103654 turns).

Pelerin the Conqueror (Minotaur Fighter)          Turns: 103654, Time: 15:39:07

Health: -2/273     AC: 49    Str: 35    XL:     27
Magic:  33/33      EV: 29    Int:  8    God:    Okawaru [******]
Gold:   10976      SH: 33    Dex: 21    Spells: 0 memorised, 26 levels left

rFire  + . .     SeeInvis .     E - +9 demon whip (vamp)
rCold  . . .     Clarity  +     N - +8 orange crystal plate armour {Archmagi, Int+3 Clar SustAt}
rNeg   + . .     SustAt   +     X - +4 large shield {reflect}
rPois  +         Gourm    .     G - +0 hat {MR+}
rElec  +         Spirit   .     c - +2 cloak {rPois}
rCorr  .         Warding  .     y - +0 pair of gloves "Ledooj" {+Blink rN+ Dex+5}
rMut   +         Stasis   .     g - +2 pair of boots "Soujin" {rElec Dex+2}
MR     +++..                    n - amulet of resist mutation
Stlth  ..........               t - +5 ring of strength
                                b - ring of protection from fire

@: very slightly contaminated, glowing, extremely resistant to hostile
enchantments, extremely unstealthy
A: retaliatory headbutt, horns 2
a: Heroism, Finesse, Renounce Religion, Evoke Blink
0: Orb of Zot
}: 5/15 runes: barnacled, slimy, silver, abyssal, gossamer


You were on level 4 of the Realm of Zot.
You worshipped Okawaru.
Okawaru was exalted by your worship.
You were completely stuffed.

You visited 12 branches of the dungeon, and saw 63 of its levels.
You visited the Abyss 3 times.
You also visited: Trove, Ossuary, Bailey and Wizlab.

You collected 11503 gold pieces.
You spent 527 gold pieces at shops.

Inventory:

Hand Weapons
 o - the +7 flail of Aguarif {holy, rPois rF+ Dex+3, unknown}
   (Okawaru gifted it to you on level 5 of the Realm of Zot)

   It has been blessed by the Shining One to cause great damage to the undead
   and demons.
   It affects your dexterity (+3).
   It protects you from fire.
   It protects you from poison.
 E - a +9 vampiric demon whip (weapon)
Armour
 c - a +2 cloak of poison resistance (worn)
 g - the +2 pair of boots "Soujin" (worn) {rElec Dex+2}
   (Okawaru gifted it to you on level 4 of the Orcish Mines)

   It affects your dexterity (+2).
   It insulates you from electricity.
 y - the +0 pair of gloves "Ledooj" (worn) {+Blink rN+ Dex+5}
   (You found it on level 4 of the Shoals)

   It affects your dexterity (+5).
   It protects you from negative energy.
   It lets you blink.
 z - a gold dragon hide
 A - a +1 animal skin
 B - a shadow dragon hide
 G - a +0 hat of magic resistance (worn)
 N - the +8 orange crystal plate armour (worn) {Archmagi, Int+3 Clar SustAt}
   (Okawaru gifted it to you on level 4 of the Depths)

   It affects your intelligence (+3).
   It sustains your strength, intelligence and dexterity.
   It protects you against confusion.
 P - a +1 pair of boots of flying
 V - a +2 cloak of invisibility
 X - a +4 large shield of reflection (worn)
Jewellery
 b - a ring of protection from fire (left hand)
 j - an uncursed amulet of resist corrosion
 n - an amulet of resist mutation (around neck)
 t - a +5 ring of strength (right hand)
 u - an uncursed amulet of stasis
Wands
 a - a wand of digging (16)
Scrolls
 i - 7 scrolls of recharging
 p - 6 scrolls of fear
 q - 5 scrolls of holy word
 r - a scroll of enchant weapon
 s - 7 scrolls of teleportation
 v - 33 scrolls of remove curse
 x - 7 scrolls of blinking
 D - a scroll of enchant armour
 M - 9 scrolls of fog
 O - a scroll of amnesia
 U - a scroll of identify
Potions
 d - 7 potions of might
 h - 3 potions of brilliance
 l - 6 potions of flight
 m - 16 potions of curing
 w - 2 potions of haste
 C - 8 potions of agility
 L - 2 potions of invisibility
Comestibles
 e - 26 bread rations
 f - 31 meat rations


   Skills:
 O Level 27 Fighting
 O Level 27 Maces & Flails
 O Level 27 Armour
 O Level 27 Dodging
 O Level 27 Shields
 + Level 15.4 Invocations
 - Level 10.0 Evocations


You had 26 spell levels left.
You didn't know any spells.

Dungeon Overview and Level Annotations

Branches:
Dungeon (15/15)            Temple (1/1) D:5            Lair (8/8) D:9
 Shoals (4/4) Lair:4       Spider (4/4) Lair:3        Slime (6/6) Lair:6
    Orc (4/4) D:11            Elf (3/3) Orc:4        Vaults (5/5) D:13
  Crypt (3/3) Vaults:3       Tomb (0/3) Crypt:3      Depths (5/5) D:15
    Zot (5/5) Depths:5

Altars:
Ashenzari
Cheibriados
Dithmenos
Elyvilon
Fedhas
Gozag
Kikubaaqudgha
Makhleb
Nemelex Xobeh
Okawaru
Qazlal
Ru
Sif Muna
Trog
Vehumet
Xom
Yredelemnul
Zin
The Shining One
Jiyva

Shops:
D:8 (   D:11 (   Orc:1 (   Orc:3 =:*:   Orc:4 [}??   Elf:2 :   Vaults:1 [
Vaults:2 (   Depths:1 [

Portals:
Hell: Depths:1 Depths:2 Depths:3 Depths:4 Depths:5
Abyss: Depths:1 Depths:2 Depths:3 Depths:4 Depths:5
Pandemonium: Orc:4 Depths:3
Ziggurat: Depths:2

Annotations:
Lair:8 exclusion: oklob plant
Shoals:1 exclusion: Roxanne, Roxanne


Innate Abilities, Weirdness & Mutations

You reflexively headbutt those who attack you in melee.
You have a pair of horns on your head.


Message History

You block the angel's attack. The angel hits you but does no damage.
A tormentor comes into view.
A shadow imp comes into view.
The tormentor roars!
You block the angel's attack. The angel hits you but does no damage.
You block the orange demon's attack.
The seraph calls down the wrath of the Shining One upon you.
Something smites you!
* * * LOW HITPOINT WARNING * * *
The cherub unwields an uncursed falchion of flaming.
It stops flaming.
The cherub wields a glowing shortbow.
It bursts into flame!
The cherub shoots an arrow.
The arrow hits you but does no damage.
The arrow dissolves into sparkling lights!
A sixfirhy comes into view.
You block the sixfirhy's attack.
The seraph shouts a warning to its allies!
You block the angel's attack. x2
The daeva calls down the wrath of the Shining One upon you.
Something smites you!
You die...

##...####..## ##...######..##
##....>...##...##
##...###...###...## ##..###
##...###...## ##..##
#....###.).##
##...#######..#).##)#..##
##.........4......))..#))#
##........@A2...###.)..[[.)
##...###..54A.....##<...).)[
##..###.....#.....##...#....#
##...# ##.##.#....###...###...
##....####.##.#.....##..(# #(..
##..#....#.....####AA##...# #..#
##........#.....###...A###.####.#
#.....^.......###.....AA)###<.###
.......[.....##............##.###


You could see a seraph (roused), 2 daevas, 3 angels, a cherub, an orange demon,
a sixfirhy, a tormentor and a shadow imp.

Vanquished Creatures
  the royal jelly (Slime:6)
  Dissolution (Slime:5)
  3 orbs of fire (Zot:5)
  4 ancient liches
  Mennas (Crypt:3)
  2 juggernauts
  5 Killer Klowns
  Margery (Crypt:3)
  Norris (Elf:3)
  Saint Roka (Depths:3)
  A caustic shrike (Depths:2)
  3 curse toes
  16 golden dragons
  Nikola (Shoals:4)
  Jory (Depths:4)
  the Enchantress (Depths:2)
  A profane servitor (Abyss:1)
  Arachne (Spider:4)
  6 bone dragons
  4 electric golems
  Jorgrun (Shoals:2)
  15 tentacled monstrosities
  14 liches
  26 Orb Guardians (Zot:5)
  2 Hell Sentinels (Abyss:1)
  3 deep elf blademasters
  Asterion (Spider:4)
  6 titans
  30 acid blobs
  4 quicksilver dragons
  A deep elf master archer (Elf:3)
  3 sphinxes
  2 octopode crushers (Abyss:1)
  2 Executioners
  32 tentacled starspawn
  4 ancient champions
  8 death cobs
  8 storm dragons
  Frances (Shoals:1)
  10 tengu reavers
  Kirke (D:13)
  3 revenants
  9 shadow dragons
  22 azure jellies
  Ilsuiw (Shoals:4)
  10 draconian monks
  Wiglaf (Elf:2)
  2 daevas
  15 fire giants
  7 deep elf sorcerers
  Donald (Crypt:3)
  3 iron dragons
  13 frost giants
  19 vault wardens
  A draconian knight (Zot:3)
  Maud (D:11)
  2 draconian scorchers
  Aizul (Depths:1)
  8 ghost moths
  A curse skull (Crypt:2)
  An orc warlord (Vaults:5)
  3 balrugs
  11 emperor scorpions
  8 draconian zealots
  5 draconian shifters
  2 ghouls
  2 reapers
  6 war gargoyles
  8 draconian annihilators
  18 ironheart preservers
  22 stone giants
  9 spriggan defenders
  An ophan (Abyss:1)
  4 draconian callers
  18 very ugly things
  9 vampire knights
  4 lorocyprocas
  Nessos (D:13)
  10 black draconians
  8 green draconians
  9 deep elf annihilators
  22 yellow draconians
  8 deep elf demonologists
  4 salamander stormcallers
  14 purple draconians
  6 mottled draconians
  7 red draconians
  15 white draconians
  3 eidola
  8 deep elf death magi
  12 ettins
  10 merfolk javelineers (Shoals:4)
  4 crystal guardians
  2 green deaths
  15 jiangshi
  9 merfolk impalers
  12 death oozes (Slime:6)
  A blizzard demon (Abyss:1)
  11 yaktaur captains
  29 fire dragons
  8 rakshasas
  33 vault guards
  Erolcha (D:13)
  5 spriggan air magi
  10 hydras
  Fannar (D:11)
  13 entropy weavers
  3 deep elf high priests
  23 ice dragons
  2 catoblepae
  18 ogre magi
  A hell beast (Depths:3)
  16 centaur warriors
  A hydra (shapeshifter) (Elf:3)
  The ghost of tijit the Grappler, a journeyman VSMo (Lair:3)
  5 death knights
  17 great orbs of eyes
  4 merfolk aquamancers
  5 merfolk avatars
  An alligator snapping turtle (Shoals:3)
  2 anacondas (shapeshifter)
  10 tengu warriors
  19 dancing weapons
  A satyr (shapeshifter) (Abyss:1)
  A queen ant (Spider:2)
  2 satyrs
  5 death yaks (Lair:8)
  14 deep troll shamans
  4 orc high priests (Orc:4)
  42 thrashing horrors
  4 spriggan berserkers
  17 deep troll earth magi
  5 vampire magi
  A titan zombie (Crypt:3)
  Urug (Orc:2)
  A storm dragon zombie (Crypt:3)
  4 soul eaters
  5 sun demons
  4 iron trolls
  Sonja (Lair:3)
  Nergalle (D:11)
  A titan skeleton (Vaults:5)
  11 hell hogs
  24 wretched stars
  2 fire crabs
  The ghost of hypermopl the Poker, a novice DgWn (D:9)
  42 skeletal warriors
  14 deep elf knights
  10 shadow wraiths
  A golden dragon zombie (Crypt:1)
  12 sea snakes
  A fire crab (shapeshifter) (Vaults:1)
  8 spatial maelstroms
  26 hell knights
  An ice devil (Abyss:1)
  7 wizards
  6 hill giants
  9 giant orange brains
  A hill giant (shapeshifter) (Vaults:5)
  2 golden dragon skeletons
  A torturous demonspawn (Orc:4)
  The ghost of Meow the Destroyer, a novice GrCj (D:7)
  2 flayed ghosts
  An anaconda skeleton (Crypt:1)
  10 deep elf summoners
  53 deep trolls
  12 orc knights
  2 tengu zombies
  A shambling mangrove (Abyss:3)
  18 unseen horrors
  17 ironbrand convokers
  A putrid demonspawn (Orc:4)
  27 deep elf conjurers
  19 necromancers
  11 orc sorcerers
  35 ugly things
  8 shining eyes
  A mana viper (shapeshifter) (Vaults:3)
  An infernal demonspawn (Orc:4)
  A shadow dragon skeleton (Vaults:5)
  A wolf spider zombie (Crypt:3)
  14 phantasmal warriors
  A frost giant zombie (Crypt:1)
  9 fauns
  A hornet (shapeshifter) (Vaults:5)
  17 griffons
  2 oklob plants (Zot:4)
  An iron dragon zombie (Crypt:1)
  22 harpies
  30 moths of wrath
  2 hornets
  2 fire giant zombies
  A stone giant zombie (Crypt:3)
  7 water nymphs
  2 octopodes (shapeshifter)
  25 orb spiders
  10 manticores
  33 wolf spiders
  A titan simulacrum (Abyss:3)
  5 worldbinders
  2 fauns (shapeshifter)
  7 sixfirhies (Abyss:1)
  6 black mambas
  An iron dragon skeleton (Crypt:3)
  10 cyclopes
  9 sirens
  62 large abominations
  Joseph (D:8)
  14 vault sentinels
  6 eyes of devastation
  A fire giant skeleton (Vaults:5)
  2 black mambas (shapeshifter)
  A stone giant skeleton (Abyss:1)
  A cyclops (shapeshifter) (Depths:3)
  8 elephants
  3 gargoyles
  3 torpor snails
  6 apocalypse crabs
  7 centaur skeletons
  25 smoke demons
  An elf skeleton (Vaults:5)
  55 yaktaurs
  3 hellions
  A storm dragon simulacrum (Vaults:3)
  10 orange demons
  15 spiny frogs
  2 dire elephant skeletons
  6 kobold demonologists
  A rust devil (Abyss:1)
  14 demonic crawlers
  9 efreet
  8 trolls
  5 fire drakes
  A wolf spider simulacrum (Abyss:1)
  2 human skeletons (Vaults:5)
  A ghost moth simulacrum (Abyss:3)
  A queen bee (shapeshifter) (Vaults:3)
  5 red devils
  A spriggan druid (Lair:8)
  14 freezing wraiths
  A guardian mummy (Zot:3)
  A tormentor (Abyss:1)
  4 komodo dragons
  9 deep elf priests
  6 tengu conjurers
  3 blue devils
  A jumping spider (shapeshifter) (Vaults:2)
  A shadow dragon simulacrum (Vaults:5)
  26 merfolk
  27 two-headed ogres
  3 hellwings
  2 polar bears (Lair:8)
  A queen bee (D:9)
  19 ancient zymes
  17 blink frogs
  25 jumping spiders
  A polar bear (shapeshifter) (Vaults:2)
  An iron dragon simulacrum (Abyss:1)
  135 slime creatures
  A hornet zombie (D:14)
  A fire dragon zombie (Abyss:1)
  3 wind drakes
  2 frost giant simulacra
  42 flying skulls
  48 raiju
  23 deep elf magi
  6 boulder beetles
  32 tarantellas
  2 trapdoor spiders (shapeshifter)
  5 vampires
  29 deep elf fighters
  86 redbacks
  A wind drake zombie (Crypt:1)
  An ettin skeleton (Crypt:3)
  A satyr skeleton (Crypt:2)
  58 starcursed masses
  3 humans (shapeshifter)
  9 snapping turtles
  4 basilisks
  5 wyverns
  21 ynoxinuls
  A fire dragon skeleton (Abyss:1)
  A snapping turtle (shapeshifter) (Elf:3)
  An air elemental (Abyss:2)
  21 water elementals
  29 trapdoor spiders
  13 fire bats
  2 hill giant zombies (WizLab)
  5 hogs (D:13)
  20 spriggans
  51 yaks
  2 fire elementals
  10 chaos spawn
  Grum (Lair:1)
  34 wolves
  11 shadows
  23 golden eyes
  15 hippogriffs
  21 neqoxecs
  10 soldier ants
  7 wargs
  7 hungry ghosts
  4 wraiths
  27 vampire mosquitoes
  A naga (shapeshifter) (Vaults:2)
  A steam dragon (D:11)
  A wind drake skeleton (Crypt:1)
  7 spatial vortices
  12 insubstantial wisps
  A mottled dragon (D:13)
  2 spiny frog zombies
  13 water moccasins
  5 wasps
  5 black bears
  9 hell hounds
  8 ice beasts
  5 sky beasts
  30 spiders
  A black bear (shapeshifter) (Vaults:1)
  13 eyes of draining
  8 porcupines
  A spiny frog skeleton (Abyss:1)
  49 orc warriors
  75 small abominations
  An ice beast (shapeshifter) (Vaults:5)
  2 snapping turtle zombies
  An ettin simulacrum (Vaults:3)
  An eye of draining (shapeshifter) (Vaults:2)
  A manticore skeleton (Abyss:1)
  15 phantoms
  4 necrophages
  A snapping turtle skeleton (Crypt:3)
  A centaur (shapeshifter) (Depths:5)
  35 centaurs
  11 boggarts
  57 ogres
  2 brain worms
  14 crocodiles
  An anubis guard skeleton (Crypt:1)
  An elf zombie (Crypt:3)
  A salamander zombie (Crypt:1)
  2 human zombies
  7 big kobolds
  21 giant frogs
  2 wyvern skeletons
  31 scorpions
  34 killer bees
  A water moccasin skeleton (D:12)
  9 troll zombies
  6 electric eels
  9 wights
  7 crimson imps
  A human simulacrum (Vaults:3)
  68 jellies
  12 hounds
  44 orc priests
  7 centaur zombies
  18 worker ants
  A giant frog skeleton (D:11)
  9 iguanas
  8 iron imps
  37 orc wizards
  10 quasits
  11 sheep
  A killer bee zombie (D:7)
  3 big kobold zombies (Ossuary)
  7 ogre zombies (WizLab)
  A hound zombie (Crypt:2)
  A deep dwarf skeleton (Crypt:1)
  6 mummies
  2 hound skeletons
  A worker ant zombie (D:11)
  14 adders
  12 gnolls
  A naga simulacrum (Abyss:1)
  3 shadow imps
  9 white imps
  50 river rats
  6 ufetubi
  An ooze (D:1)
  A lava snake skeleton (Crypt:2)
  A sheep zombie (Crypt:2)
  4 worms
  An adder zombie (Crypt:2)
  A lava snake zombie (Crypt:1)
  8 giant geckos
  221 orcs
  2 ball pythons (D:5)
  10 bats
  A bat zombie (D:5)
  7 giant cockroaches
  A goblin (shapeshifter) (Orc:4)
  6 hobgoblins
  6 jackals
  2 quokkas
  A giant gecko zombie (D:6)
  4 giant newts
  9 goblins
  A goblin zombie (D:6)
  5 hobgoblin zombies
  A jackal skeleton (D:7)
  32 kobolds
  15 rats
  A rat zombie (D:5)
  A river rat skeleton (Crypt:1)
  A bush (Lair:2)
  A crawling corpse (Vaults:5)
  3 fungi (Lair:8)
  4 plants
  3 spectral weapons (Spider:4)
  9 starspawn tentacles
4143 creatures vanquished.

Vanquished Creatures (others)
  A deep elf master archer (Elf:3)
  An eldritch tentacle (Zot:5)
  2 tengu reavers (Depths:3)
  A draconian knight (Zot:5)
  3 stone giants
  A deep elf death mage (Elf:3)
  A merfolk impaler (Shoals:4)
  A vault guard (Vaults:5)
  A merfolk javelineer (Shoals:4)
  4 yaktaur captains
  A tengu warrior (Depths:3)
  2 deep elf knights
  A hell knight (Abyss:1)
  A deep troll (Depths:4)
  A siren (Shoals:4)
  A rust devil (Abyss:1)
  5 yaktaurs
  A jumping spider (Spider:2)
  4 merfolk (Shoals:4)
  2 raiju (Abyss:4)
  A redback (Spider:4)
  A fire bat (shapeshifter) (Depths:5)
  A deep elf fighter (Vaults:5)
  A chaos spawn (Abyss:4)
  A large abomination (Abyss:4)
  A small abomination (Abyss:1)
  A spatial vortex (Abyss:4)
  An eye of draining (Abyss:2)
  An ice dragon simulacrum (Abyss:3)
  A boggart (Vaults:1)
  3 centaurs
  A quasit (Abyss:1)
  2 river rats (Lair:4)
  An orc (Depths:3)
  5 briar patches (Abyss:3)
  A bush (Abyss:1)
  161 eldritch tentacle segments (Zot:5)
  59 fungi
  7 lost souls
  8 lurking horrors
  44 plants
  83 starspawn tentacles
  488 starspawn tentacle segments
  4 tentacles (Abyss:4)
912 creatures vanquished.

Grand Total: 5055 creatures vanquished

Notes
Turn   | Place    | Note
--------------------------------------------------------------
     0 | D:1      | Pelerin the Minotaur Fighter began the quest for the Orb.
     0 | D:1      | Reached XP level 1. HP: 19/19 MP: 0/0
   110 | D:1      | Reached skill level 4 in Fighting
   119 | D:1      | Reached XP level 2. HP: 22/27 MP: 1/1
   557 | D:1      | Reached XP level 3. HP: 28/33 MP: 2/2
   929 | D:2      | Reached XP level 4. HP: 38/40 MP: 3/3
  1743 | D:2      | Gained mutation: You are partially covered in rough black scales (AC +4, Dex -1). [potion of beneficial mutation]
  1744 | D:2      | Gained mutation: You are partially covered in thin metallic scales (AC +2). [potion of beneficial mutation]
  2033 | D:3      | Reached XP level 5. HP: 45/47 MP: 4/4
  2913 | D:4      | Reached skill level 5 in Maces & Flails
  2950 | D:4      | Noticed a phantom
  2965 | D:4      | Killed a phantom
  2965 | D:4      | Reached skill level 5 in Fighting
  2965 | D:4      | Reached skill level 5 in Armour
  2965 | D:4      | Reached skill level 5 in Shields
  2965 | D:4      | Reached XP level 6. HP: 49/56 MP: 5/5
  3016 | D:4      | Found a shimmering altar of Xom.
  3166 | D:4      | Noticed an ogre
  3176 | D:4      | Killed an ogre
  3549 | D:5      | Entered Level 5 of the Dungeon
  3641 | D:5      | Found a staircase to the Ecumenical Temple.
  3676 | Temple   | Entered the Ecumenical Temple
  3750 | Temple   | Became a worshipper of Warmaster Okawaru
  3884 | D:5      | Found a basalt altar of Yredelemnul.
  3891 | D:5      | Reached XP level 7. HP: 61/61 MP: 6/6
  3899 | D:5      | You fall through a shaft for 2 floors!
  4044 | D:7      | Reached skill level 6 in Fighting
  4136 | D:7      | Reached * piety under Okawaru
  4293 | D:6      | Reached XP level 8. HP: 66/71 MP: 7/7
  4533 | D:6      | Found a sand-covered staircase.
  4567 | Ossuary  | Entered an ossuary
  4705 | Ossuary  | Reached skill level 7 in Armour
  5302 | D:6      | Reached ** piety under Okawaru
  5585 | D:5      | Found an ancient bone altar of Kikubaaqudgha.
  6411 | D:7      | Noticed Meow's ghost (novice GrCj)
  6438 | D:7      | Killed Meow's ghost
  6438 | D:7      | Reached skill level 8 in Fighting
  6438 | D:7      | Reached XP level 9. HP: 72/81 MP: 8/8
  6720 | D:8      | Reached *** piety under Okawaru
  6818 | D:8      | Found Uhisu's Weapon Shoppe.
  7113 | D:8      | Found a glowing golden altar of the Shining One.
  7116 | D:8      | Found a blossoming altar of Fedhas.
  7174 | D:8      | Found a sparkling altar of Nemelex Xobeh.
  7174 | D:8      | Found a glowing silver altar of Zin.
  7276 | D:8      | Noticed Joseph
  7288 | D:8      | Killed Joseph
  7288 | D:8      | Reached skill level 9 in Armour
  7429 | D:8      | Reached **** piety under Okawaru
  7756 | D:9      | Reached XP level 10. HP: 91/91 MP: 9/9
  7795 | D:9      | Found a staircase to the Lair.
  7935 | D:9      | Noticed hypermopl's ghost (novice DgWn)
  7981 | D:9      | Killed hypermopl's ghost
  7983 | D:9      | Reached skill level 10 in Shields
  8029 | D:9      | Reached skill level 10 in Armour
  8362 | D:9      | Reached ***** piety under Okawaru
  8362 | D:9      | Reached skill level 10 in Fighting
  8470 | D:9      | Reached skill level 10 in Maces & Flails
  8572 | D:9      | Received a gift from Okawaru
  8641 | D:9      | Reached skill level 11 in Maces & Flails
  9107 | D:9      | Lost mutation: You are partially covered in thin metallic scales (AC +2). [potion of cure mutation]
  9107 | D:9      | Lost mutation: You are partially covered in rough black scales (AC +4, Dex -1). [potion of cure mutation]
  9188 | D:10     | Entered Level 10 of the Dungeon
  9203 | D:10     | Noticed a manticore
  9215 | D:10     | Killed a manticore
  9215 | D:10     | Reached XP level 11. HP: 93/99 MP: 10/10
  9305 | D:10     | Noticed a hill giant
  9315 | D:10     | Killed a hill giant
  9346 | D:10     | Received a gift from Okawaru
  9570 | D:10     | Reached skill level 12 in Maces & Flails
  9767 | D:11     | Noticed Fannar
  9803 | D:11     | Killed Fannar
  9882 | D:11     | Noticed Maud
  9908 | D:11     | Killed Maud
  9908 | D:11     | Reached skill level 13 in Maces & Flails
 10056 | D:11     | Noticed Nergalle
 10132 | D:11     | Killed Nergalle
 10147 | D:11     | Reached XP level 12. HP: 93/106 MP: 11/11
 10221 | D:11     | Reached skill level 14 in Maces & Flails
 10233 | D:11     | Reached ****** piety under Okawaru
 10477 | D:11     | Found Raokeiq's Weapon Emporium.
 10480 | D:11     | Found a staircase to the Orcish Mines.
 11048 | D:11     | Gained mutation: You are partially covered in yellow scales (AC +2). [potion of beneficial mutation]
 11090 | D:12     | Received a gift from Okawaru
 11404 | D:12     | Found a sparkling altar of Nemelex Xobeh.
 11507 | D:12     | Found a blossoming altar of Fedhas.
 11878 | D:12     | Identified a scroll of acquirement
 11879 | D:12     | Got a bone morningstar
 11882 | D:12     | Identified the +6 morningstar of the Equinox {flame, *Corrode +Inv rPois Int+8} (You acquired it on level 12 of the Dungeon)
 11951 | Lair:1   | Entered Level 1 of the Lair of Beasts
 11963 | Lair:1   | Noticed Grum
 11983 | Lair:1   | Killed Grum
 12100 | Lair:1   | Reached skill level 15 in Maces & Flails
 12475 | Lair:1   | Reached skill level 15 in Shields
 12773 | Lair:2   | Noticed an eight-headed hydra
 12782 | Lair:2   | Killed an eight-headed hydra
 12898 | Lair:2   | Noticed a five-headed hydra
 12905 | Lair:2   | Killed a five-headed hydra
 12922 | Lair:2   | Reached skill level 5 in Dodging
 12926 | Lair:2   | Reached skill level 1 in Invocations
 13477 | Lair:2   | Gained mutation: Your system is resistant to poisons. [potion of mutation]
 13477 | Lair:2   | Gained mutation: You evolve. [potion of mutation]
 13730 | Lair:3   | Noticed Sonja
 13732 | Lair:3   | Noticed tijit's ghost (journeyman VSMo)
 13740 | Lair:3   | Killed Sonja
 13740 | Lair:3   | Received a gift from Okawaru
 13745 | Lair:3   | Killed tijit's ghost
 13745 | Lair:3   | Reached XP level 13. HP: 111/113 MP: 13/15
 13804 | Lair:3   | Reached skill level 5 in Invocations
 13806 | Lair:3   | Reached skill level 1 in Evocations
 13970 | Lair:3   | Found a hole to the Spider Nest.
 14535 | Lair:4   | Reached skill level 5 in Evocations
 15076 | Lair:4   | Found a staircase to the Shoals.
 15532 | Lair:5   | Received a gift from Okawaru
 15539 | Lair:5   | Got a shadowed robe {god gift}
 16715 | Lair:6   | Found a staircase to the Slime Pits.
 16715 | Lair:6   | Found a viscous altar of Jiyva.
 16734 | Lair:6   | Reached skill level 10 in Dodging
 17334 | Lair:7   | Reached XP level 14. HP: 121/121 MP: 17/17
 18549 | Lair:3   | You fall through a shaft!
 18658 | Lair:8   | Entered Level 8 of the Lair of Beasts
 19087 | Lair:8   | Received a gift from Okawaru
 19512 | Lair:8   | Reached skill level 10 in Invocations
 19821 | Lair:8   | Received a gift from Okawaru
 19851 | Lair:8   | Got a spiked crystal plate armour {god gift}
 19868 | Lair:8   | Identified the +0 crystal plate armour of Imos {rPois rF+ rC- Regen+} (Okawaru gifted it to you on level 8 of the Lair of Beasts)
 20954 | Orc:1    | Entered Level 1 of the Orcish Mines
 21015 | Orc:1    | Found Jiatiece's Antique Weapon Emporium.
 21484 | Orc:2    | Noticed Urug
 21491 | Orc:2    | Killed Urug
 21752 | Orc:3    | Found Kiwavas's Jewellery Shoppe.
 21924 | Orc:3    | Found a flagged portal.
 21929 | Orc:3    | Found Bakh's Book Boutique.
 21949 | Bailey   | Entered a bailey
 22356 | Orc:3    | Found Waev's General Store.
 22590 | Orc:3    | Found Xoxois's Book Shop.
 22641 | Orc:4    | Entered Level 4 of the Orcish Mines
 23033 | Orc:4    | Found a staircase to the Elven Halls.
 23625 | Orc:4    | Found Ohepootza's Magic Scroll Shop.
 23655 | Orc:4    | Found Ruci's Magic Scroll Boutique.
 23754 | Orc:4    | Bought a scroll of identify for 26 gold pieces
 23754 | Orc:4    | Bought a scroll of identify for 26 gold pieces
 23756 | Orc:4    | Bought a scroll of identify for 22 gold pieces
 23756 | Orc:4    | Bought a scroll of enchant armour for 82 gold pieces
 23756 | Orc:4    | Bought a scroll of identify for 22 gold pieces
 23840 | Orc:4    | Reached XP level 15. HP: 50/132 MP: 21/21
 24128 | Orc:4    | Paralysed by an orc sorcerer for 3 turns
 24168 | Orc:4    | Received a gift from Okawaru
 24190 | Orc:4    | Paralysed by an orc sorcerer for 6 turns
 24479 | Orc:4    | Got a pair of dazzling boots {god gift}
 24521 | Orc:4    | Found Poklax Isou's Gadget Shoppe.
 24521 | Orc:4    | Found Fuecuor's Antique Armour Emporium.
 24537 | Orc:4    | Found a one-way gate leading to the halls of Pandemonium.
 24557 | Orc:4    | Identified the +2 pair of boots "Soujin" {rElec Dex+2} (Okawaru gifted it to you on level 4 of the Orcish Mines)
 24631 | Orc:4    | Gained mutation: Your mind is acute. (Int +2) [evolution]
 25580 | D:13     | Noticed Erolcha
 25588 | D:13     | Paralysed by something for 6 turns
 25596 | D:13     | Killed Erolcha
 25858 | D:13     | Noticed Kirke
 25862 | D:13     | Noticed a sphinx
 25876 | D:13     | Killed Kirke
 25962 | D:13     | You fall through a shaft!
 26339 | D:13     | Noticed Nessos
 26384 | D:13     | Killed Nessos
 26915 | D:13     | Found a gate to the Vaults.
 27066 | D:14     | Got a pair of dazzling gloves
 27213 | D:14     | Received a gift from Okawaru
 27501 | D:14     | Found a sacrificial altar of Ru.
 27813 | D:14     | Identified the -2 pair of gloves "Zaemel" {Int+4} (You found it on level 14 of the Dungeon)
 27830 | D:15     | Entered Level 15 of the Dungeon
 28071 | D:15     | Found a portal to a secret trove of treasure.
 28114 | D:15     | Reached skill level 15 in Armour
 28158 | D:15     | Received a gift from Okawaru
 28190 | D:15     | Reached skill level 15 in Fighting
 28212 | D:15     | Reached XP level 16. HP: 149/149 MP: 22/22
 28396 | D:15     | Found a glowing silver altar of Zin.
 28903 | D:15     | Found a staircase to the Depths.
 29521 | Spider:1 | Entered Level 1 of the Spider Nest
 30578 | Spider:2 | Received a gift from Okawaru
 30583 | Spider:2 | Got a polished morningstar {god gift}
 30602 | Spider:2 | Reached skill level 16 in Armour
 31564 | Spider:2 | Received a gift from Okawaru
 31838 | Spider:2 | Reached skill level 17 in Fighting
 31906 | Spider:2 | Reached XP level 17. HP: 161/161 MP: 23/23
 32400 | Spider:2 | Identified the +1 morningstar "Ytits" {flame, rPois SInv} (Okawaru gifted it to you on level 2 of the Spider Nest)
 32920 | Spider:3 | Received a gift from Okawaru
 33433 | Spider:4 | Entered Level 4 of the Spider Nest
 33498 | Spider:4 | Noticed Asterion
 33522 | Spider:4 | Noticed Arachne
 33565 | Spider:4 | Killed Asterion
 33601 | Spider:4 | Lost mutation: You evolve. [evolution]
 34277 | Spider:4 | Killed Arachne
 34277 | Spider:4 | Reached skill level 18 in Fighting
 34541 | Spider:4 | Received a gift from Okawaru
 34721 | Spider:4 | Received a gift from Okawaru
 34901 | Spider:4 | Reached skill level 19 in Fighting
 35102 | Spider:4 | Got a gossamer rune of Zot
 35615 | Shoals:1 | Entered Level 1 of the Shoals
 36020 | Shoals:1 | Noticed Frances
 36037 | Shoals:1 | Killed Frances
 36061 | Shoals:1 | Noticed Roxanne
 36252 | Shoals:1 | Reached XP level 18. HP: 178/178 MP: 24/24
 36308 | Shoals:2 | Noticed Jorgrun
 36314 | Shoals:2 | Cast into the Abyss (merfolk aquamancer)
 36344 | Shoals:2 | Escaped the Abyss
 36359 | Shoals:2 | Killed Jorgrun
 36359 | Shoals:2 | Reached skill level 20 in Fighting
 37184 | Shoals:2 | Received a gift from Okawaru
 38378 | Shoals:4 | Entered Level 4 of the Shoals
 38378 | Shoals:4 | Noticed Nikola
 38389 | Shoals:4 | Noticed Ilsuiw
 38425 | Shoals:4 | Reached skill level 10 in Evocations
 38621 | Shoals:4 | Got a pair of translucent gloves
 38970 | Shoals:4 | Killed Nikola
 38992 | Shoals:4 | Killed Ilsuiw
 39284 | Shoals:4 | Received a gift from Okawaru
 39504 | Shoals:4 | Got a bound diamond amulet
 39779 | Shoals:4 | Got a barnacled rune of Zot
 40439 | Lair:2   | Identified the +0 pair of gloves "Ledooj" {+Blink rN+ Dex+5} (You found it on level 4 of the Shoals)
 40468 | Lair:2   | Identified the amulet "Kuxoegekk" {Inacc MP+9 Str+4} (You found it on level 4 of the Shoals)
 40671 | Elf:1    | Entered Level 1 of the Elven Halls
 40779 | Elf:1    | Reached XP level 19. HP: 185/185 MP: 25/25
 40901 | Elf:1    | Identified the Almanac of the Chupacabra
 41671 | Elf:2    | Found Xuitaweu's Book Shoppe.
 41694 | Elf:2    | Found a magical portal.
 41717 | WizLab   | Entered Zonguldrok's Shrine
 42155 | WizLab   | Received a gift from Okawaru
 42172 | WizLab   | Noticed an antique lich
 42201 | WizLab   | Killed an antique lich
 42417 | Elf:2    | Got an encrusted morningstar
 42757 | Elf:2    | Found a runed gate.
 42759 | Elf:2    | Found a runed gate.
 42762 | Elf:2    | Found a runed gate.
 43037 | Elf:2    | Noticed Wiglaf
 43078 | Elf:2    | Killed Wiglaf
 43511 | Elf:2    | Identified the +4 morningstar "Ruhuaps" {crush, Int+3 Dex+3} (You found it on level 2 of the Elven Halls)
 44131 | Vaults:1 | Entered Level 1 of the Vaults
 44166 | Vaults:1 | Reached skill level 15 in Dodging
 44783 | Vaults:1 | Received a gift from Okawaru
 44784 | Vaults:1 | Got a pair of jewelled gloves {god gift}
 44842 | Vaults:1 | Found Cuschiar's Armour Shoppe.
 45232 | Vaults:1 | Reached XP level 20. HP: 190/194 MP: 26/26
 45997 | Vaults:2 | Found Ekisk's Antique Weapon Shoppe.
 46865 | Vaults:2 | Received a gift from Okawaru
 47303 | Vaults:3 | Found a staircase to the Crypt.
 47602 | Vaults:3 | Reached skill level 21 in Fighting
 48159 | Vaults:3 | Got a heavily runed chain mail
 48382 | Vaults:3 | Received a gift from Okawaru
 48468 | Vaults:3 | Got an ichor-stained mace {god gift}
 48796 | Vaults:3 | Identified the +4 mace of Misery {flame, Int+9 Dex-2} (Okawaru gifted it to you on level 3 of the Vaults)
 48928 | Vaults:4 | Reached XP level 21. HP: 204/204 MP: 27/27
 49547 | Vaults:4 | Received a gift from Okawaru
 51160 | D:15     | You paid a toll of a +3 fire dragon armour to enter a treasure trove
 51161 | Trove    | Entered a treasure trove
 51467 | Lair:2   | Identified the +0 pair of gloves of the Barber Surgeon {rPois Str+2 Dex-2 SInv} (Okawaru gifted it to you on level 1 of the Vaults)
 51537 | Lair:2   | Identified the +1 chain mail of Henotheism {Slay+5} (You found it on level 3 of the Vaults)
 51744 | Depths:1 | Entered Level 1 of the Depths
 51758 | Depths:1 | Found Qoh Jieff's Antique Armour Boutique.
 51761 | Depths:1 | Bought a runed large shield for 162 gold pieces
 51761 | Depths:1 | Bought a glowing cloak for 162 gold pieces
 51761 | Depths:1 | Bought a runed robe for 25 gold pieces
 51852 | Depths:1 | Found a gateway to Hell.
 51974 | Depths:1 | Reached skill level 22 in Fighting
 52136 | Depths:1 | Found a one-way gate to the infinite horrors of the Abyss.
 52637 | Depths:1 | Noticed Aizul
 52657 | Depths:1 | Killed Aizul
 53038 | Depths:2 | Noticed the Enchantress
 53092 | Depths:2 | Killed the Enchantress
 53115 | Depths:2 | Received a gift from Okawaru
 53163 | Depths:2 | Got a faerie dragon armour
 53285 | Depths:2 | Noticed a caustic shrike
 53307 | Depths:2 | Killed a caustic shrike
 53618 | Depths:2 | Found a gateway to a ziggurat.
 54041 | Lair:2   | Identified the +1 faerie dragon armour {+Blink rElec Slay+3} (You took it off the Enchantress on level 2 of the Depths)
 54368 | Depths:2 | Reached XP level 22. HP: 217/217 MP: 28/28
 55054 | Depths:2 | Received a gift from Okawaru
 56285 | Depths:3 | Noticed Saint Roka
 56343 | Depths:3 | Killed Saint Roka
 56343 | Depths:3 | Received a gift from Okawaru
 56352 | Depths:3 | Got a distressingly furry storm dragon armour {god gift}
 56762 | Depths:3 | Reached skill level 23 in Fighting
 57860 | Depths:3 | Noticed a juggernaut
 58038 | Depths:3 | Received a gift from Okawaru
 58195 | Depths:3 | Killed a juggernaut
 58713 | Depths:3 | Identified the +6 storm dragon armour of Freedom {rElec rF++ rC- MP+9 Str+3} (Okawaru gifted it to you on level 3 of the Depths)
 59216 | Depths:4 | Reached XP level 23. HP: 227/227 MP: 29/29
 60400 | Depths:4 | Noticed Jory
 60437 | Depths:4 | Killed Jory
 60575 | Depths:4 | Received a gift from Okawaru
 60683 | Depths:4 | Got an ivory morningstar {crush}
 60967 | Depths:4 | Identified the +5 morningstar of Hottyor {crush, rPois MP+9} (You took it off a vampire knight on level 4 of the Depths)
 61757 | Crypt:1  | Entered Level 1 of the Crypt
 64200 | Elf:3    | Entered Level 3 of the Elven Halls
 64683 | Elf:3    | Noticed Norris
 64899 | Elf:3    | Killed Norris
 64899 | Elf:3    | Received a gift from Okawaru
 64920 | Elf:3    | Reached skill level 24 in Armour
 65195 | Elf:3    | Identified the Volume of Incorporation
 65575 | Elf:3    | Reached XP level 24. HP: 238/238 MP: 29/29
 66924 | Vaults:5 | Entered Level 5 of the Vaults
 67072 | Vaults:5 | Received a gift from Okawaru
 67150 | Vaults:5 | Got a transparent large shield {god gift}
 67288 | Vaults:5 | Identified Seukim's Grimoire of Orientation
 67292 | Vaults:5 | Got an ichor-stained flail
 67590 | Vaults:5 | Reached skill level 25 in Armour
 67995 | Vaults:5 | Received a gift from Okawaru
 68034 | Vaults:5 | Got a pair of fine gloves {god gift}
 68073 | Vaults:5 | Got a silver rune of Zot
 68634 | Vaults:5 | Identified the Disquisition on Cold
 68896 | Vaults:5 | Reached skill level 26 in Armour
 68896 | Vaults:5 | Reached XP level 25. HP: 253/253 MP: 29/29
 69203 | Vaults:5 | Identified the +3 flail of Luxury {drain, +Blink rC+ MP+9 Int-4} (You found it on level 5 of the Vaults)
 69205 | Vaults:5 | Got a heavily runed graven amulet
 69207 | Vaults:5 | Identified the amulet "Lezuwik" {rMut Int+2} (You acquired it on level 5 of the Vaults)
 69572 | Vaults:5 | Got a flickering tin ring
 71087 | Lair:2   | Identified the +0 large shield of Wawi {rN+ Int+2 Dex+4 Stlth-} (Okawaru gifted it to you on level 5 of the Vaults)
 71097 | Lair:2   | Identified the +0 pair of gloves of the Harvest {Regen+} (Okawaru gifted it to you on level 5 of the Vaults)
 71223 | Lair:2   | Identified the ring of Fedhas's Displeasure {MR+ Dex+3} (You found it on level 5 of the Vaults)
 71690 | Crypt:3  | Entered Level 3 of the Crypt
 71690 | Crypt:3  | Noticed Mennas
 71745 | Crypt:3  | Killed Mennas
 71775 | Crypt:3  | Received a gift from Okawaru
 72225 | Crypt:3  | Found an ancient bone altar of Kikubaaqudgha.
 72225 | Crypt:3  | Noticed an ancient lich
 72235 | Crypt:3  | Killed an ancient lich
 72272 | Crypt:3  | Got a slimy ivory amulet
 72272 | Crypt:3  | Got a pitted amber ring
 72314 | Crypt:3  | Noticed Margery
 72325 | Crypt:3  | Noticed Donald
 72375 | Crypt:3  | Killed Margery
 72379 | Crypt:3  | Killed Donald
 72524 | Crypt:3  | Reached skill level 27 in Fighting
 72670 | Crypt:3  | Reached skill level 27 in Armour
 72769 | Crypt:3  | Received a gift from Okawaru
 73099 | Crypt:3  | Found a staircase to the Tomb.
 73122 | Crypt:3  | Identified Kikubaaqudgha's Disquisition on Dark Arts
 73793 | Lair:2   | Identified the amulet of Zenube {Ward rPois rN+ SInv Stlth+} (You found it on level 3 of the Crypt)
 73829 | Lair:2   | Identified the ring "Keseyrips" {rElec rN+ Dex+2 SInv} (You found it on level 3 of the Crypt)
 74363 | Depths:5 | Entered Level 5 of the Depths
 74618 | Depths:5 | Found a shadowy altar of Dithmenos.
 74619 | Depths:5 | Found a shimmering altar of Xom.
 74619 | Depths:5 | Found a bloodstained altar of Trog.
 74805 | Depths:5 | Found a gate to the Realm of Zot.
 75141 | Depths:5 | Reached XP level 26. HP: 252/266 MP: 29/29
 75416 | Depths:5 | Received a gift from Okawaru
 75445 | Depths:5 | Got a jewelled chain mail {god gift}
 75874 | Depths:5 | Noticed a juggernaut
 75911 | Depths:5 | Killed a juggernaut
 75914 | Depths:5 | Got a glittering platinum ring
 76729 | Lair:2   | Identified the ring of Unkelas {rN+ Stlth+} (You took it off a frost giant on level 5 of the Depths)
 77197 | Depths:1 | Voluntarily entered the Abyss.
 78348 | Abyss:1  | Paralysed by accursed screaming for 1 turns
 78349 | Abyss:1  | Found a corrupted altar of Lugonu.
 78990 | Abyss:1  | Found a shadowy altar of Dithmenos.
 79026 | Abyss:1  | Received a gift from Okawaru
 79051 | Abyss:1  | Reached XP level 27. HP: 214/273 MP: 29/29
 79690 | Abyss:2  | Found a corrupted altar of Lugonu.
 80443 | Abyss:3  | Found a corrupted altar of Lugonu.
 81044 | Abyss:4  | Paralysed by accursed screaming for 1 turns
 81074 | Abyss:4  | Gained mutation: You occasionally shout uncontrollably at your foes. [a neqoxec]
 81439 | Abyss:4  | Gained mutation: You frequently scream uncontrollably at your foes. [a neqoxec]
 82385 | Abyss:4  | Found a corrupted altar of Lugonu.
 82459 | Abyss:4  | Gained mutation: You tend to lose your temper in combat. [a neqoxec]
 82480 | Abyss:4  | Gained mutation: Your muscles are strong. (Str +2) [a neqoxec]
 82489 | Abyss:4  | Noticed an ancient lich
 83742 | Depths:1 | Escaped the Abyss
 84304 | Depths:1 | Voluntarily entered the Abyss.
 84408 | Abyss:1  | Received a gift from Okawaru
 84575 | Abyss:1  | Paralysed by accursed screaming for 1 turns
 85140 | Abyss:1  | Reached skill level 27 in Maces & Flails
 85379 | Abyss:1  | Found a corrupted altar of Lugonu.
 85611 | Abyss:1  | Paralysed by accursed screaming for 2 turns
 85981 | Abyss:1  | Found a sacrificial altar of Ru.
 86979 | Abyss:3  | Got an abyssal rune of Zot
 86999 | Depths:1 | Escaped the Abyss
 87352 | Lair:2   | Lost mutation: Your mind is acute. (Int +2) [potion of cure mutation]
 87352 | Lair:2   | Lost mutation: You sometimes yell uncontrollably at your foes. [potion of cure mutation]
 87353 | Lair:2   | Lost mutation: Your system is resistant to poisons. [potion of cure mutation]
 87353 | Lair:2   | Lost mutation: You occasionally shout uncontrollably at your foes. [potion of cure mutation]
 87353 | Lair:2   | Lost mutation: Your muscles are strong. (Str +2) [potion of cure mutation]
 87354 | Lair:2   | Lost mutation: You tend to lose your temper in combat. [potion of cure mutation]
 87354 | Lair:2   | Lost mutation: You are partially covered in yellow scales (AC +2). [potion of cure mutation]
 88685 | Slime:1  | Entered Level 1 of the Pits of Slime
 88691 | Slime:1  | Received a gift from Okawaru
 88694 | Slime:1  | Got an ichor-stained morningstar {god gift}
 88971 | Slime:5  | Noticed Dissolution
 88987 | Slime:5  | Killed Dissolution
 88987 | Slime:5  | Reached skill level 27 in Shields
 89615 | Slime:2  | Received a gift from Okawaru
 90677 | Slime:6  | Entered Level 6 of the Pits of Slime
 91032 | Slime:6  | Gained mutation: Armour fits poorly on your strangely shaped body. [a shining eye]
 91033 | Slime:6  | Gained mutation: Scrolls take you a little longer to read. [a shining eye]
 91156 | Slime:6  | Found a viscous altar of Jiyva.
 91161 | Slime:6  | Noticed the royal jelly
 91293 | Slime:6  | Killed the royal jelly
 91293 | Slime:6  | Received a gift from Okawaru
 92152 | Lair:2   | Identified the +1 morningstar of Debt {crush, *Contam rC+++ Str+2 Dex+4} (Okawaru gifted it to you on level 1 of the Pits of Slime)
 92505 | Slime:6  | Identified the Volume of Transmigration and Contamination
 92559 | Slime:6  | Got a slimy rune of Zot
 94383 | Zot:1    | Entered Level 1 of the Realm of Zot
 95778 | Lair:2   | Lost mutation: Scrolls take you a little longer to read. [potion of cure mutation]
 95778 | Lair:2   | Lost mutation: Armour fits poorly on your strangely shaped body. [potion of cure mutation]
 96219 | Zot:2    | Received a gift from Okawaru
 97367 | Zot:3    | Received a gift from Okawaru
 99303 | Zot:4    | Received a gift from Okawaru
 99430 | Zot:4    | Received a gift from Okawaru
 99705 | Zot:4    | Got a polished eveningstar {god gift}
100406 | Zot:4    | Received a gift from Okawaru
101333 | Zot:4    | Identified the +1 eveningstar of Integrity {flame, Int+6} (Okawaru gifted it to you on level 4 of the Realm of Zot)
101338 | Zot:5    | Entered Level 5 of the Realm of Zot
102078 | Zot:5    | Received a gift from Okawaru
102079 | Zot:5    | Got a pitted flail {god gift}
102100 | Zot:5    | Noticed an orb of fire
102105 | Zot:5    | Noticed an ancient lich
102124 | Zot:5    | Killed an orb of fire
102133 | Zot:5    | Noticed an orb of fire
102133 | Zot:5    | Killed an ancient lich
102133 | Zot:5    | Reached skill level 27 in Dodging
102134 | Zot:5    | Noticed an ancient lich
102485 | Zot:5    | Killed an orb of fire
102730 | Zot:5    | Killed an ancient lich
103142 | Zot:5    | Received a gift from Okawaru
103259 | Zot:5    | Noticed an orb of fire
103293 | Zot:5    | Killed an orb of fire
103303 | Zot:5    | Reached skill level 15 in Invocations
103439 | Zot:5    | Got the Orb of Zot
103496 | Zot:5    | Noticed Tisa Vee the pandemonium lord
103499 | Zot:5    | Noticed a seraph
103627 | Zot:4    | Noticed a seraph
103653 | Zot:4    | HP: 9/273 [seraph/divine providence (13)]
103654 | Zot:4    | Killed from afar by a daeva

Action                   |  1- 3 |  4- 6 |  7- 9 | 10-12 | 13-15 | 16-18 | 19-21 | 22-24 | 25-27 || total
-------------------------+-------+-------+-------+-------+-------+-------+-------+-------+-------++-------
Melee: Flail             |    92 |   171 |   356 |   833 |       |       |       |       |       ||  1452
       Morningstar       |       |       |       |   122 |  1161 |       |       |       |       ||  1283
       Demon whip        |       |       |       |       |   555 |  2723 |  2742 |  2192 |  6324 || 14536
       Eveningstar       |       |       |       |       |       |       |       |   266 |   394 ||   660
Invok: Heroism           |       |       |     2 |     3 |     2 |     6 |     1 |     2 |     7 ||    23
       Finesse           |       |       |       |       |       |     1 |     1 |     4 |    16 ||    22
 Abil: Evoke Blink       |       |       |       |       |       |       |     1 |     1 |    14 ||    16
Evoke: Wand              |       |       |       |       |       |       |     1 |     2 |     5 ||     8
  Use: Scroll            |     6 |     5 |     8 |    16 |    15 |    11 |    17 |     5 |    48 ||   131
       Potion            |     2 |     6 |     2 |     5 |     4 |     5 |     1 |     2 |    26 ||    53
 Stab: Invisible         |       |       |       |       |       |     1 |       |       |       ||     1
       Distracted        |       |       |       |       |       |       |       |       |     4 ||     4
  Eat: Chunk             |       |     8 |    10 |    17 |    36 |    27 |    37 |    19 |    56 ||   210
       Pizza             |       |     1 |       |     1 |     2 |     2 |     2 |     2 |     3 ||    13
       Fruit             |       |     1 |     3 |     6 |     8 |    11 |     6 |       |     7 ||    42
       Royal jelly       |       |       |       |     1 |     1 |       |       |     7 |    12 ||    21
       Meat ration       |       |       |       |       |     1 |       |     1 |     1 |     3 ||     6
       Beef jerky        |       |       |       |       |       |     4 |     1 |     2 |     7 ||    14
       Bread ration      |       |       |       |       |       |     3 |     1 |     5 |     7 ||    16
